 Dungeon Crawl Stone Soup version 0.31-a0-236-g9a0961fb85 (webtiles) character file.

Game seed: 1805089261404333377

98 qw the Shooter (level 4, -1/26 HPs)
             Began as a Gargoyle Hexslinger on July 10, 2023.
             Slain by a goblin
             ... wielding a +0 club
             ... led by Robin
              (5 damage)
             ... on level 3 of the Dungeon.
             The game lasted 00:00:43 (1620 turns).

qw the Shooter (Gargoyle Hexslinger)                Turns: 1620, Time: 00:00:43

Health: -1/26      AC:  7    Str: 12    XL:     4   Next: 71%
Magic:  5/5        EV: 12    Int: 13    God:
Gold:   171        SH:  0    Dex: 14    Spells: 4/5 levels left

rFire   . . .        Y - +1 sling (heavy)
rCold   . . .        (no shield)
rNeg    + . .        c - +0 robe
rPois   inf          (no helmet)
rElec   +            f - +0 cloak
rCorr   .            a - +0 pair of gloves
SInv    .            (no boots)
Will    .....        (no amulet)
Stlth   +            (no ring)
HPRegen 0.24/turn    (no ring)
MPRegen 0.09/turn

%: no passive effects
@: no status effects
A: sickness immunity, AC +3, negative energy resistance 1, electricity
resistance, torment resistance 1, petrification resistance
a: no special abilities


You were on level 3 of the Dungeon.
You visited 1 branch of the dungeon, and saw 3 of its levels.

You collected 171 gold pieces.


Innate Abilities, Weirdness & Mutations

You are immune to sickness and miasma.
Your stone body is resilient. (AC +3)
You are immune to poison.
You resist negative energy. (rN+)
You are resistant to electric shocks. (rElec)
You are resistant to unholy torment.
You are immune to petrification.


   Skills:
 - Level 2.0 Fighting
 + Level 4.4 Ranged Weapons
 - Level 1.5 Dodging
 - Level 1.0 Spellcasting
 - Level 2.6 Hexes


You had 4 spell levels left.
You knew the following spells:

 Your Spells              Type           Power      Damage    Failure   Level
a - Slow                  Hex            28%        N/A       10%         1

Your spell library contained the following spells:

 Spells                   Type           Power      Damage    Failure   Level
 Inner Flame              Hex/Fire       4%         N/A       43%         3
 Portal Projectile        Hex/Tloc       8%         N/A       43%         3
 Cause Fear               Hex            3%         N/A       67%         4

Inventory:

Hand Weapons
 Y - a +1 heavy sling (weapon)
Armour
 a - a +0 pair of gloves (worn)
 c - a +0 robe (worn)
 f - a +0 cloak (worn)
Scrolls
 b - a scroll of vulnerability {unknown}
 e - a scroll of identify
Potions
 h - a potion of haste {unknown}
 j - a potion of enlightenment {unknown}
 k - a potion of invisibility {unknown}

Dungeon Overview and Level Annotations

Branches:
Dungeon (3/15)

Altars:

Annotations:
D:3 Robin


Message History

The goblin is heavily wounded.
The goblin hits you with a +0 dagger. The goblin closely misses you.
Robin roars a battlecry!
The goblins go into a battle-frenzy!
You shoot a sling bullet.
The sling bullet barely misses the goblin.
The goblin hits you with a +0 dagger. The goblin barely misses you.
Robin throws the goblin at you! The goblin misses you.
The goblin hits you but does no damage. The goblin hits you with a +0 club.
The goblin hits you with a +0 dagger. The goblin barely misses you.
You shoot a sling bullet. The sling bullet hits the goblin!
You kill the goblin!
The goblin closely misses you. The goblin hits you with a +0 club.
The goblin barely misses you. The goblin hits you but does no damage.
You shoot a sling bullet.
The sling bullet closely misses the goblin. x2
The sling bullet misses the kobold.
The goblin misses you. The goblin barely misses you.
The goblin hits you but does no damage.
Robin's bangles clink loudly.
The hobgoblin completely misses you.
The goblin hits you but does no damage. x2
The hobgoblin hits you. The goblin hits you with a +0 club.
You shoot a sling bullet. The sling bullet hits the hobgoblin.
The hobgoblin is severely wounded.
The hobgoblin hits you but does no damage.
The goblin barely misses you. The goblin hits you but does no damage.
The hobgoblin hits you but does no damage.
The goblin hits you but does no damage.
You shoot a sling bullet. The sling bullet hits the hobgoblin!
You kill the hobgoblin!
The goblin barely misses you. The goblin closely misses you.
The goblin hits you with a +0 club. The hobgoblin closely misses you.
The goblin barely misses you. The goblin closely misses you.
The hobgoblin hits you but does no damage.
The goblin barely misses you. The goblin hits you but does no damage.
You shoot a sling bullet.
The sling bullet barely misses the goblin.
The goblin closely misses you. x2; The hobgoblin hits you.
The goblin hits you with a +0 club.
You die...

##.######. ####.........
##............
#####..#.#.#####..##
..####...../..#..........
........####..###########
..#####...##..#
#.##.##g.# #<# .##@g# #.#
#gggKg.... ...
..?ggg.#...
##....#####... # #####
###.. #


You could see Robin, 2 hobgoblins, 6 goblins and a kobold.

Vanquished Creatures
  A hound (D:2)
  An adder (D:2)
  2 worms (D:2)
  2 dart slugs
  8 ball pythons
  3 bats
  An endoplasm (D:1)
  A giant cockroach (D:1)
  9 hobgoblins
  2 jackals (D:1)
  2 quokkas (D:1)
  A frilled lizard (D:2)
  7 goblins
  4 kobolds
  3 rats
47 creatures vanquished.

Notes
Turn   | Place    | Note
-------+----------+-------------------------------------------
     0 | D:1      | qw the Gargoyle Hexslinger began the quest for the Orb.
     0 | D:1      | Reached XP level 1. HP: 12/12 MP: 2/2
     0 | D:1      | 0 ||| qw: Version: 0.3-a-52-g30416fa
     0 | D:1      | 0 ||| qw: Game counter: 4640
     0 | D:1      | 0 ||| qw: Melee chars always use a shield: true
     0 | D:1      | 0 ||| qw: God list: Okawaru
     0 | D:1      | 0 ||| qw: Allow faded altars: false
     0 | D:1      | 0 ||| qw: Do Orc after clearing Dungeon:15 true
     0 | D:1      | 0 ||| qw: Do second Lair branch before Depths: true
     0 | D:1      | 0 ||| qw: Lair rune preference: random
     0 | D:1      | 0 ||| qw: Goals: Normal
     0 | D:1      | 0 ||| PLANNING D:1-11
   145 | D:1      | Reached XP level 2. HP: 16/16 MP: 3/3
   231 | D:1      | Found a faded altar of an unknown god.
   242 | D:1      | Reached skill level 3 in Ranged Weapons
   373 | D:1      | 373 ||| FLEEEEING.
   374 | D:1      | 374 ||| FLEEEEING.
   375 | D:1      | 375 ||| FLEEEEING.
   376 | D:1      | 376 ||| FLEEEEING.
   377 | D:1      | 377 ||| FLEEEEING.
   378 | D:1      | 378 ||| FLEEEEING.
   379 | D:1      | 379 ||| FLEEEEING.
   380 | D:1      | 380 ||| FLEEEEING.
   382 | D:1      | 382 ||| FLEEEEING.
   383 | D:1      | 383 ||| FLEEEEING.
   631 | D:1      | 631 ||| UPGRADING to +0 cloak.
   636 | D:1      | 636 ||| READING scroll labelled LASEAPLEST.
   637 | D:1      | 637 ||| READING scroll labelled AFFELOGESE.
   638 | D:1      | 638 ||| READING scroll labelled OLIXZE VOMUOCH.
   639 | D:1      | 639 ||| READING scroll labelled BES AHUOS FUAFA.
   640 | D:1      | 640 ||| DROPPING scroll of poison.
   696 | D:2      | Reached XP level 3. HP: 21/21 MP: 4/4
   876 | D:2      | Reached skill level 4 in Ranged Weapons
   876 | D:2      | Reached XP level 4. HP: 26/26 MP: 5/5
  1398 | D:2      | 1398 ||| UPGRADING to +0 pair of gloves.
  1403 | D:2      | 1403 ||| DROPPING ring of magical power.
  1404 | D:2      | 1404 ||| READING scroll labelled QAOWEHAFIN.
  1505 | D:2      | 1505 ||| READING 3 scrolls labelled NYNKAI NEOHOYM.
  1506 | D:2      | 1506 ||| READING 2 scrolls of brand weapon.
  1506 | D:2      | 1506 ||| BRANDING +1 sling of freezing.
  1507 | D:2      | 1507 ||| READING scroll of brand weapon.
  1507 | D:2      | 1507 ||| BRANDING +1 sling of flaming.
  1508 | D:2      | 1508 ||| DRINKING 2 black potions.
  1509 | D:2      | 1509 ||| DRINKING 2 smoky ruby potions.
  1553 | D:2      | 1553 ||| DROPPING potion of brilliance.
  1554 | D:2      | 1554 ||| DROPPING potion of lignification.
  1613 | D:3      | Noticed Robin
  1620 | D:3      | HP: 4/26 [hobgoblin[Robin] (3)]
  1620 | D:3      | Slain by a goblin

Levels and vault maps discovered:
D:1:      eino_arrival_cavern_d, layout_loops_cross,
          ebering_ecumenical_altar_rust
D:2:      layout_loops_ring, minmay_surrounded
D:3:      layout_basic, nicolae_uskayaw_en_pointe, uniq_robin

Skill      XL: |  1  2  3 |
---------------+----------+-----
Ranged Weapons | 3 4 |  4.4
Fighting       | 2 |  2.0
Dodging        | |  1.5
Spellcasting   | |  1.0
Hexes          | |  2.6

Action                     |  1- 3 |  4- 6 || total
---------------------------+-------+-------++-------
   Fire: Sling             |    94 |    68 ||   162
    Use: Scroll            |     4 |     4 ||     8
         Potion            |       |     2 ||     2
 Armour: Robe              |    11 |    16 ||    27
  Dodge: Dodged            |    28 |    29 ||    57

Table legend:
 A = Non-vault XP
 B = Vault XP
 C = Vault XP percentage of total XP
 D = Non-vault monster count
 E = Vault monster count
 F = Vault count percentage of total count
                 A         B        C        D         E       F
            +---------+---------+-------+---------+---------+-------
      Total |     126 |      15 |  10.6 |      39 |       8 |  17.0
            +---------+---------+-------+---------+---------+-------
        D:1 |      33 |       0 |   0.0 |      18 |       0 |   0.0
        D:2 |      93 |       7 |   7.0 |      21 |       4 |  16.0
        D:3 |       0 |       8 | 100.0 |       0 |       4 | 100.0
            +---------+---------+-------+---------+---------+-------
